 Dungeon Crawl Stone Soup version 0.30-a0-269-gf0224bf7b6 (webtiles) character file.

Game seed: 9225716409109926768

13892 Lanoc the Fortune-Teller (level 11, -7/139 HPs)
             Began as a Demonspawn Gladiator on Oct 14, 2022.
             Was a Believer of Nemelex Xobeh.
             Killed from afar by Jorgrun (22 damage)
             ... with an iron shot
             ... on level 12 of the Dungeon.
             The game lasted 00:32:03 (12679 turns).

Lanoc the Fortune-Teller (Demonspawn Gladiator)    Turns: 12679, Time: 00:32:03

Health: -7/139     AC: 11    Str: 17    XL:     11   Next: 81%
Magic:  38/38      EV: 16    Int:  6    God:    Nemelex Xobeh [**....]
Gold:   320        SH:  0    Dex: 23    Spells: 10/10 levels left

rFire   . . .      SeeInvis .    X - +4 rapier of Absolution {spect, rElec}
rCold   + . .      Faith    .    (no shield)
rNeg    . . .      Spirit   .    t - +1 ring mail of Sophism {rC+ MP+9}
rPois   .          Reflect  .    c - +1 helmet
rElec   +          Harm     .    (cloak unavailable)
rCorr   .          Rampage  .    b - +0 pair of gloves
Will    ++...      Rage     50%  (no boots)
Stlth   ..........               Z - necklace of Bloodlust {*Rage Will++ Int-3 Slay+6}
HPRegen 0.43/turn                y - +6 ring of dexterity
MPRegen 0.52/turn                L - ring of magical power

@: berserking, lethally poisoned (-7 -> -29), grasped by roots, constricted,
very quick
A: slimy green scales 1, demonic guardian 2, magic regeneration, weakness
stinger 3
a: Renounce Religion, Draw Escape, Draw Destruction, Draw Summoning


You were on level 12 of the Dungeon.
You worshipped Nemelex Xobeh.
Nemelex Xobeh was pleased with you.
You visited 2 branches of the dungeon, and saw 13 of its levels.

You collected 1004 gold pieces.
You spent 684 gold pieces at shops.

Inventory:

Hand Weapons
 x - a +3 quarterstaff of chaos
 X - the +4 rapier of Absolution (weapon) {spect, rElec}
   (You found it on level 7 of the Dungeon)

   When its wielder attacks, the weapon's spirit leaps out and strikes again.
   The spirit shares a part of any damage it takes with its wielder.
   rElec:     It insulates you from electricity.
Missiles
 d - a throwing net (quivered)
 e - a javelin
 q - 11 boomerangs
 v - 26 poisoned darts
 A - 2 atropa-tipped darts
 M - a curare-tipped dart
Armour
 b - a +0 pair of gloves (worn)
 c - a +1 helmet (worn)
 t - the +1 ring mail of Sophism (worn) {rC+ MP+9}
   (You found it on level 8 of the Dungeon)

   rC:        It protects you from cold.
   MP:        It affects your magic capacity (+9).
Jewellery
 j - a ring of protection from cold
 l - a ring of flight
 m - a ring of protection from cold
 p - a ring of protection from cold
 w - a ring of fire
 y - a +6 ring of dexterity (left hand)
 D - an amulet of faith
 J - a ring of protection from fire
 K - a ring of protection from cold
 L - a ring of magical power (right hand)
 V - a ring of protection from fire
 Z - the necklace of Bloodlust (around neck) {*Rage Will++ Int-3 Slay+6}
   (You bought it in a shop on level 12 of the Dungeon)

   [amulet of nothing]

   It extends the wearer's berserk rage when killing foes.
   Int:       It affects your intelligence (-3).
   Slay:      It affects your accuracy & damage with ranged weapons and melee
   (+6).
   *Rage:     It berserks you when you make melee attacks (+50% chance).
   Will:      It greatly increases your willpower.
Wands
 a - a wand of quicksilver (12)
 u - a wand of roots (4)
 I - a wand of flame (66)
 O - a wand of charming (11)
 Q - a wand of digging (1)
Scrolls
 f - 5 scrolls of immolation
 h - 2 scrolls of brand weapon
 n - a scroll of blinking
 o - a scroll of vulnerability
 r - 4 scrolls of enchant weapon
 z - 4 scrolls of teleportation
 C - 2 scrolls of enchant armour
 G - a scroll of fog
 N - a scroll of amnesia
 P - 3 scrolls of torment
 S - a scroll of fear
 U - 2 scrolls of magic mapping {unknown}
 Y - a scroll of poison {unknown}
Potions
 g - 2 potions of curing
 i - 2 potions of attraction
 k - a potion of ambrosia
 s - 3 potions of heal wounds
 B - 3 potions of haste
 E - 2 potions of mutation
 F - a potion of experience
 H - a potion of invisibility
 R - a potion of lignification
 T - a potion of cancellation
 W - a potion of berserk rage


   Skills:
 + Level 11.5 Fighting
 - Level 2.7 Long Blades
 - Level 1.8 Throwing
 + Level 10.8 Dodging
 * Level 12.7 Invocations
 - Level 4.3 Evocations


You had 10 spell levels left.
You didn't know any spells.
Your spell library contained the following spells:

 Spells                   Type           Power      Damage    Failure   Level
 Sandblast                Erth           0%         2d4       67%         1
 Slow                     Hex            0%         N/A       67%         1
 Passwall                 Tmut/Erth      0%         N/A       80%         2
 Call Canine Familiar     Summ           0%         N/A       95%         3
 Confusing Touch          Hex            0%         N/A       95%         3
 Portal Projectile        Hex/Tloc       0%         N/A       95%         3
 Stone Arrow              Conj/Erth      0%         3d7       95%         3
 Vampiric Draining        Necr           0%         2d6       95%         3
 Leda's Liquefaction      Hex/Erth       0%         N/A       100%        4


Dungeon Overview and Level Annotations

Branches:
Dungeon (12/15)            Temple (1/1) D:7            Lair (0/5) D:10
    Orc (0/2) D:11

Altars:
Ashenzari
Cheibriados
Dithmenos
Fedhas
Gozag
Hepliaklqana
Kikubaaqudgha
Makhleb
Nemelex Xobeh
Okawaru
Qazlal
Ru
Sif Muna
Trog
Uskayaw
Vehumet
Wu Jian
Xom
Yredelemnul
Jiyva

Shops:
D:4 *:[   D:10 :   D:12 =

Annotations:
D:10 3 runed translucent doors, gabibbone's ghost, journeyman AtBr
D:12 Jorgrun


Innate Abilities, Weirdness & Mutations

You are partially covered in slimy green scales. (AC +2)
A demonic guardian rushes to your aid.
You regenerate magic rapidly.
You have a sharp stinger which inflicts weakening toxins.


Message History

Jorgrun points at you and mumbles some strange words.
Roots burst forth from the earth!
The grasping roots grab you! The grasping roots constrict you.
You impale Jorgrun!!
Jorgrun is lightly wounded.
Your +4 rapier of Absolution {spect, rElec} closely misses Jorgrun.
You closely miss Jorgrun.
Jorgrun is lightly wounded.
Your +4 rapier of Absolution {spect, rElec} hits Jorgrun!
Jorgrun hits you with a +0 vorpal quarterstaff!
The grasping roots constrict you!
You impale Jorgrun!!
Jorgrun is heavily wounded.
Your +4 rapier of Absolution {spect, rElec} barely misses Jorgrun.
Jorgrun hits you with a +0 vorpal quarterstaff!
The grasping roots constrict you!! The green ugly thing tail-slaps you.
You are poisoned.
The green ugly thing poisons you!
You closely miss Jorgrun.
Your tail-slap misses Jorgrun.
Jorgrun is heavily wounded.
Your +4 rapier of Absolution {spect, rElec} hits Jorgrun!
You feel extremely sick.
Jorgrun hits you with a +0 vorpal quarterstaff!
* * * LOW HITPOINT WARNING * * *
x2 The grasping roots constrict you!
* * * LOW HITPOINT WARNING * * *
The brown ugly thing completely misses your +4 rapier of Absolution {spect, rElec}.
The green ugly thing tail-slaps you!
* * * LOW HITPOINT WARNING * * *
A demonic guardian appears!
You puncture Jorgrun! You tail-slap Jorgrun!
Jorgrun looks weaker.
Jorgrun is severely wounded.
Your +4 rapier of Absolution {spect, rElec} hits Jorgrun!
* * * LOW HITPOINT WARNING * * *
You feel very sick. Jorgrun gestures at you while chanting.
The iron shot hits you!!
You die...
Your body glows slightly and disappears.

#.# #.......
#.#....###### #.......
#.##......... #.......
#.##......... #.......
#.##......... #.......
#.##......... #.......
#.##.........##.......
#.##.(u.........<.u...
#..'.@gu.....#####'###
####4.(T..... #.#
#......... #.#
#####.##.. #.# .# .
#.# . +.# # ###


You could see Jorgrun (weak), 2 ugly things, a troll, a friendly hellwing
(summoned) and a friendly +4 rapier of Absolution {spect, rElec} (summoned).

Vanquished Creatures
  3 two-headed ogres (D:12)
  A dancing weapon (D:9)
  Pikel (D:7)
  A harpy (shapeshifter) (D:5)
  A cyclops (D:12)
  A troll (D:11)
  2 shadows
  12 yaks (D:10)
  Eustachio (D:6)
  A wyvern (D:10)
  A basilisk (D:10)
  2 steam dragons
  4 vampire mosquitoes (D:11)
  2 water moccasins
  A floating eye (D:10)
  3 ice beasts
  A black bear (D:6)
  4 orc warriors
  2 ogres
  10 centaurs
  3 kobold brigands
  A lemure (D:7)
  Blork the orc (D:4)
  3 bullfrogs
  A scorpion (D:6)
  A necrophage (D:8)
  5 wights (D:9)
  23 killer bees
  2 howler monkeys
  2 quasits (D:3)
  2 hounds
  4 orc priests
  Crazy Yiuf (D:3)
  Jessica (D:3)
  3 iguanas (D:5)
  11 orc wizards
  The ghost of Sapher the Digger, a weakling MeEE (D:3)
  17 gnolls
  8 adders
  A white imp (D:6)
  2 ufetubi
  3 dart slugs
  38 orcs
  7 ball pythons
  4 bats
  9 endoplasms
  2 giant cockroaches
  10 goblins
  11 hobgoblins
  6 jackals
  51 kobolds
  2 quokkas
  3 frilled lizards
  7 rats
300 creatures vanquished.

Vanquished Creatures (collateral kills)
  A boulder beetle (D:11)
  The ghost of qtw55 the Geomancer, a novice GrEE of Vehumet (D:9)
  A gargoyle (D:12)
  A yak (D:10)
  A wyvern (D:9)
  A black bear (D:10)
  A centaur (D:11)
  An orc wizard (D:8)
  3 orcs
  A kobold (D:5)
12 creatures vanquished.

Vanquished Creatures (others)
  A fungus (D:6)
  3 plants
4 creatures vanquished.

Grand Total: 316 creatures vanquished

Notes
Turn   | Place    | Note
-------+----------+-------------------------------------------
     0 | D:1      | Lanoc the Demonspawn Gladiator began the quest for the Orb.
     0 | D:1      | Reached XP level 1. HP: 16/16 MP: 1/1
   131 | D:1      | Gained mutation: You have a small tail. [demonic ancestry]
   131 | D:1      | Reached XP level 2. HP: 23/23 MP: 2/2
  1127 | D:2      | Gained mutation: You are partially covered in slimy green
                  | scales. (AC +2) [demonic ancestry]
  1127 | D:2      | Reached XP level 3. HP: 28/28 MP: 3/3
  1579 | D:3      | Found a transporter.
  1587 | D:3      | Found a transporter.
  1631 | D:3      | Noticed Sapher's ghost (weakling MeEE)
  1672 | D:3      | Reached XP level 4. HP: 28/35 MP: 4/4
  1820 | D:3      | Gained mutation: A weak demonic guardian rushes to your
                  | aid. [demonic ancestry]
  1820 | D:3      | Reached XP level 5. HP: 10/42 MP: 5/5
  2107 | D:3      | Found a blossoming altar of Fedhas.
  2121 | D:3      | Noticed Jessica
  2129 | D:3      | Killed Jessica
  2199 | D:3      | Found a runed translucent door.
  2200 | D:3      | Noticed Crazy Yiuf
  2617 | D:3      | Killed Crazy Yiuf
  2730 | D:3      | Reached XP level 6. HP: 35/49 MP: 6/6
  2734 | D:3      | Killed Sapher's ghost
  3066 | D:4      | Found Midanyam's Specific Store.
  3078 | D:4      | Found Liysin's General Store.
  3086 | D:4      | Bought a potion of mutation for 96 gold pieces
  3097 | D:4      | Noticed Blork the orc
  3109 | D:4      | Killed Blork the orc
  3110 | D:4      | Reached skill level 5 in Fighting
  3110 | D:4      | Reached skill level 5 in Dodging
  3177 | D:4      | Found Geipoqy's Armour Shoppe.
  3180 | D:4      | Found Pobattuq's Book Shop.
  3615 | D:5      | Entered Level 5 of the Dungeon
  3664 | D:5      | Noticed an ice beast
  3682 | D:5      | Killed an ice beast
  3683 | D:5      | Gained mutation: You have a tail ending in a sharp stinger.
                  | [demonic ancestry]
  3683 | D:5      | Reached XP level 7. HP: 40/57 MP: 5/7
  4070 | D:5      | a black bear changed into a shapeshifter
  4070 | D:5      | Noticed a shapeshifter (shapeshifter)
  4070 | D:5      | a shapeshifter changed into a meliai
  4070 | D:5      | Noticed a meliai (shapeshifter)
  4075 | D:5      | a meliai changed into a wind drake
  4075 | D:5      | Noticed a wind drake (shapeshifter)
  4316 | D:5      | Noticed a komodo dragon
  4317 | D:5      | a komodo dragon changed into a polar bear
  4317 | D:5      | Noticed a polar bear (shapeshifter)
  4320 | D:5      | a polar bear changed into a harpy
  4320 | D:5      | Noticed a harpy (shapeshifter)
  4332 | D:5      | Killed a harpy
  4333 | D:5      | Gained mutation: You regenerate magic rapidly. [demonic
                  | ancestry]
  4333 | D:5      | Reached XP level 8. HP: 42/65 MP: 3/8
  5332 | D:6      | Reached skill level 1 in Evocations
  5659 | D:6      | Gained mutation: You have a sharp stinger which inflicts
                  | weakening toxins. [demonic ancestry]
  5659 | D:6      | Reached XP level 9. HP: 61/75 MP: 9/9
  5832 | D:6      | Noticed Eustachio
  5866 | D:6      | Killed Eustachio
  5978 | D:6      | Found an ancient bone altar of Kikubaaqudgha.
  6329 | D:7      | Noticed Pikel
  6364 | D:7      | Killed Pikel
  6692 | D:7      | Found a sparkling altar of Nemelex Xobeh.
  6719 | D:7      | Became a worshipper of Nemelex Xobeh the Trickster
  6823 | D:7      | Found a staircase to the Ecumenical Temple.
  6835 | Temple   | Entered the Ecumenical Temple
  7118 | D:7      | Identified the +4 rapier of Absolution {spect, rElec}
  7202 | D:7      | Reached skill level 1 in Invocations
  7245 | D:7      | Reached skill level 2 in Invocations
  7396 | D:7      | Found a bloodstained altar of Trog.
  7704 | D:8      | Reached skill level 3 in Invocations
  7867 | D:8      | Reached skill level 4 in Invocations
  7882 | D:8      | Gained mutation: A demonic guardian rushes to your aid.
                  | [demonic ancestry]
  7882 | D:8      | Reached XP level 10. HP: 26/83 MP: 5/13
  8115 | D:8      | Reached * piety under Nemelex Xobeh
  8138 | D:8      | Reached skill level 5 in Invocations
  8264 | D:8      | Identified the +1 ring mail of Sophism {rC+ MP+9}
  8626 | D:9      | Reached skill level 6 in Invocations
  8686 | D:9      | Found a runed translucent door.
  8686 | D:9      | Found a shimmering altar of Xom.
  8686 | D:9      | Noticed qtw55's ghost (novice GrEE)
  8686 | D:9      | Noticed a +2 trident of chaos
  8768 | D:9      | Received a gift from Nemelex Xobeh
  9143 | D:9      | Reached skill level 10 in Fighting
  9143 | D:9      | Reached skill level 7 in Invocations
  9632 | D:9      | Reached ** piety under Nemelex Xobeh
  9687 | D:9      | Found a sacrificial altar of Ru.
  9762 | D:9      | Killed a +2 trident of chaos
  9763 | D:9      | Reached skill level 8 in Invocations
  9768 | D:9      | Killed qtw55's ghost
  9792 | D:10     | Entered Level 10 of the Dungeon
  9882 | D:10     | Reached skill level 9 in Invocations
 10037 | D:10     | Found Qyfoa's Book Emporium.
 10121 | D:10     | Found a basalt altar of Yredelemnul.
 10130 | D:10     | Reached XP level 11. HP: 78/92 MP: 18/18
 10146 | D:10     | Reached skill level 10 in Dodging
 10170 | D:10     | Reached skill level 10 in Invocations
 10388 | D:10     | Received a gift from Nemelex Xobeh
 10400 | D:10     | Found a staircase to the Lair.
 10512 | D:10     | Found a runed translucent gate.
 10512 | D:10     | Found a runed translucent gate.
 10512 | D:10     | Found a runed translucent gate.
 10598 | D:10     | Noticed a two-headed ogre
 10601 | D:10     | a two-headed ogre changed into a floating eye
 10648 | D:10     | Noticed gabibbone's ghost (journeyman AtBr)
 10804 | D:10     | Found a viscous altar of Jiyva.
 11180 | D:11     | Found a staircase to the Orcish Mines.
 11253 | D:11     | Reached *** piety under Nemelex Xobeh
 11299 | D:11     | Received a gift from Nemelex Xobeh
 11334 | D:11     | Noticed a boulder beetle
 11383 | D:11     | Killed a boulder beetle
 11384 | D:11     | Reached skill level 11 in Invocations
 11730 | D:11     | Found an iron altar of Okawaru.
 12126 | D:12     | Noticed a green ugly thing
 12186 | D:12     | Found Zugostoung's Jewellery Shop.
 12197 | D:12     | Noticed a two-headed ogre
 12208 | D:12     | Killed a two-headed ogre
 12210 | D:12     | HP: 3/91 [gargoyle/stone arrow (23)]
 12223 | D:12     | Reached skill level 12 in Invocations
 12226 | D:12     | Bought the necklace of Bloodlust {*Rage Will++ Int-3
                  | Slay+6} for 588 gold pieces
 12226 | D:12     | Found the necklace of Bloodlust {*Rage Will++ Int-3 Slay+6}
 12510 | D:12     | Noticed a two-headed ogre
 12514 | D:12     | Killed a two-headed ogre
 12570 | D:12     | Noticed a two-headed ogre
 12577 | D:12     | Killed a two-headed ogre
 12668 | D:12     | Noticed Jorgrun
 12672 | D:12     | Noticed a brown ugly thing
 12679 | D:12     | Killed from afar by Jorgrun

Illustrated notes

Levels and vault maps discovered:
D:1:      heliophobic_arrival_glass_houses, layout_rooms, minmay_pentomino_q4
D:2:      layout_basic
D:3:      corexii_shack_village, layout_basic, amcnicky_altar_gilded,
          gammafunk_ghost_stat_death, uniq_jessica, uniq_crazy_yiuf_cottage
D:4:      layout_loops_ring, nicolae_specific_store, nicolae_wooded_promenade,
          uniq_blork_the_orc
D:5:      minmay_goblin_kobold_castle, layout_basic, minmay_misc_feat_enclosed
D:6:      layout_basic, mainiacjoe_overflow_boulevard, uniq_eustachio
D:7:      layout_loops_ring, trog_hazing_becter, minitemple,
          minmay_temple_entry_arrows, uniq_pikel
D:8:      layout_cave_pools, minmay_misc_feat_iff
D:9:      layout_roguey, kennysheep_little_box, ebering_ghost_xom
D:10:     layout_roguey, old_standard_altar, david_lair_generic, serial_shops,
          kennysheep_mini, gammafunk_ghost_ooze
D:11:     layout_roguey, hiddenorc1_lemuel, okawaru_metal_pillars_1_2
D:12:     layout_basic, gammafunk_ghost_necromancy, serial_shops,
          nicolae_square_shop, uniq_jorgrun
Temple:   bh_familiar_temple

Skill      XL: |  1  2  3  4  5  6  7  8  9 10 11 |
---------------+----------------------------------+-----
Dodging        | 3 4 5 6 7 9 10 | 10.8
Fighting       | 3 4 5 6 8 9 10 11 | 11.5
Evocations     | 2 4 |  4.3
Invocations    | 4 9 12 | 12.7
Long Blades    | |  2.7
Throwing       | |  1.8

Action                   |  1- 3 |  4- 6 |  7- 9 | 10-12 || total
-------------------------+-------+-------+-------+-------++-------
Melee: Long sword        |    94 |     9 |       |       ||   103
       Tailslap          |     6 |    16 |    47 |    80 ||   149
       Flail             |       |    72 |       |       ||    72
       Quarterstaff      |       |    68 |   274 |       ||   342
       Dagger            |       |     6 |       |       ||     6
       Rapier            |       |       |    46 |   421 ||   467
       Punch             |       |       |       |     8 ||     8
Throw: Throwing net      |     1 |       |       |     1 ||     2
Invok: Draw Summoning    |       |       |       |     5 ||     5
       Draw Destruction  |       |       |       |     2 ||     2
  Use: Scroll            |     5 |       |     6 |     9 ||    20
       Potion            |     4 |       |     4 |     2 ||    10
 Stab: Sleeping          |     2 |     2 |     3 |     1 ||     8
       Confused          |       |     1 |       |       ||     1
       Distracted        |       |       |       |     3 ||     3
Armor: Leather armour    |    45 |    21 |       |       ||    66
       Robe              |       |    33 |   144 |     3 ||   180
       Ring mail         |       |       |       |   117 ||   117
Dodge: Dodged            |    70 |   173 |   524 |   424 ||  1191

Table legend: (Time is in decaauts)
 A = Elapsed time spent in this place.
 B = Non-inter-level travel time spent in this place.
 C = Inter-level travel time spent in this place.
 D = Time resting spent in this place.
 E = Time spent auto-exploring this place.
 F = Levels seen in this place.
 G = Mean time per level.
                   A        B        C        D        E       F      G
               +--------+--------+--------+--------+--------+-----+--------+
         Total |  12910 |  12583 |    327 |    150 |   9908 |  13 |  993.1 |
       Dungeon |  12747 |  12446 |    301 |    150 |   9775 |  12 | 1062.2 |
        Temple |    162 |    136 |     26 |      0 |    133 |   1 |  162.0 |
               +--------+--------+--------+--------+--------+-----+--------+

Top non-repeatable levels by time:
     D:5: 1663 daAuts
     D:3: 1359 daAuts
     D:7: 1230 daAuts
     D:9: 1226 daAuts
    D:10: 1207 daAuts
    D:11: 1162 daAuts
     D:6: 1109 daAuts
     D:2: 1010 daAuts
     D:8: 896 daAuts
     D:4: 776 daAuts
    D:12: 567 daAuts
     D:1: 537 daAuts
  Temple: 162 daAuts
